 Dungeon Crawl Stone Soup version 0.31-a0-1570-g93c622d222 (webtiles) character file.

Game seed: 10105586432620967769

506366 freelancePsychic the Sorcerer (level 26, 0/193 HPs)
             Began as a Djinni Shapeshifter on Jan 2, 2024.
             Was the Champion of Cheibriados.
             Killed by an exploding starcursed mass (7 damage)
             ... while paralysed by accursed screaming
             ... ignited by their inner flame
             ... on level 4 of the Abyss on Jan 3, 2024.
             The game lasted 02:20:13 (47221 turns).

freelancePsychic the Sorcerer (DjSh)               Turns: 47221, Time: 02:20:14

Health: 0/193      AC: 22    Str: 31    XL:     26   Next: 27%
Gold:   7462       EV:  2    Int: 44    God:    Cheibriados [******] SH:  0 Dex: 32

rFire   + + .        E - staff "Oceph" {rElec Summ Air}
rCold   . . .        V - +3 tower shield {rC+}
rNeg    + + +        P - +0 shadow dragon scales "Rafiho" {rF- rN+++ Regen+ MP-9 Stlth++++}
rPois   ∞            H - +0 helmet
rElec   +            W - scarf {rC+ rF+}
rCorr   .            k - +2 pair of gloves {Dex+3}
SInv    .            (boots unavailable)
Will    ++...        w - amulet "Sinecvua" {Regen+ Str+3}
Stlth   +++++        C - +6 ring of intelligence
HPRegen 2.12/turn    I - +5 ring of evasion
MPRegen 0.00/turn

%: infuse magic (-1 HP)
@: paralysed, about to teleport, flying, very slow
A: sickness immunity, fire resistance 2, cold vulnerability 2, float, innate
caster, HP casting, extra vitality 1, [screaming 2], ([teleportitis 2]), [no
potion heal 2], [inability to read after injury 2]
}: 3/15 runes: barnacled, abyssal, gossamer
a: Renounce Religion, Bend Time, Temporal Distortion, Slouch, Step From Time


You were on level 4 of the Abyss.
You worshipped Cheibriados.
Cheibriados was exalted by your worship.
You visited 10 branches of the dungeon, and saw 45 of its levels.
You visited the Abyss 3 times.
You also visited: Ice Cave.

You collected 9010 gold pieces.
You spent 1548 gold pieces at shops.

Inventory:

Hand Weapons
 y - a +0 orcbow
 R - a +2 double sword of freezing
Missiles
 h - 7 throwing nets
Armour
 k - a +2 pair of gloves of dexterity (worn)
 H - a +0 helmet (worn)
 P - the +0 shadow dragon scales "Rafiho" (worn) {rF- rN+++ Regen+ MP-9 Stlth++++}
   (You found it on level 3 of the Crypt)

   rF-:       It makes you vulnerable to fire.
   rN+++:     It renders you almost immune to negative energy.
   MP-9:      It affects your magic capacity (-9).
   Regen+:    It increases your rate of health regeneration.
   Stlth++++: It makes you much more stealthy.
 V - a +3 tower shield of cold resistance (worn)
 W - a scarf of resistance (worn)
Magical Staves
 a - the staff of Enachozy {rC+ Str+7 Ice}
   (You acquired it on level 2 of the Lair of Beasts)

   [staff of cold]

   Base accuracy: +5 Base damage: 5 Base attack delay: 1.2 This weapon's minimum
   attack delay (0.6) is reached at skill level 12.
   Str+7:     It affects your strength (+7).
   rC+:       It protects you from cold.
   Ice:       It increases the power of your Ice spells.
   It falls into the 'Staves' category.
   It is a one-handed weapon.
 E - the staff "Oceph" (weapon) {rElec Summ Air}
   (You found it on level 15 of the Dungeon)

   [staff of air]

   Base accuracy: +5 Base damage: 5 Base attack delay: 1.2 This weapon's minimum
   attack delay (0.6) is reached at skill level 12.
   rElec:     It insulates you from electricity.
   Summ:      It increases the power of your Summonings spells.
   Air:       It increases the power of your Air spells.
   It falls into the 'Staves' category.
   It is a one-handed weapon.
Jewellery
 w - the amulet "Sinecvua" (around neck) {Regen+ Str+3}
   (You found it on level 3 of the Crypt)

   [amulet of regeneration]

   Str+3:     It affects your strength (+3).
   Regen+:    It increases your rate of health regeneration.
 C - a +6 ring of intelligence (left hand)
 I - a +5 ring of evasion (right hand)
Talismans
 c - a beast talisman
 d - a flux talisman
Wands
 v - a wand of mindburst (28)
 A - a wand of light (12)
 M - a wand of flame (126)
 N - a wand of polymorph (11)
 Q - a wand of roots (46)
 U - a wand of digging (32)
Scrolls
 b - 5 scrolls of fear
 e - 20 scrolls of identify {@r1}
 g - 3 scrolls of silence
 l - 5 scrolls of vulnerability
 n - 21 scrolls of teleportation {@r4}
 p - 9 scrolls of fog
 s - 2 scrolls of butterflies
 z - 5 scrolls of poison
 B - 2 scrolls of brand weapon
 J - 14 scrolls of enchant weapon
 K - 6 scrolls of torment
 O - 3 scrolls of revelation
 Y - 9 scrolls of immolation
 Z - 4 scrolls of blinking
Potions
 f - 6 potions of enlightenment
 i - a potion of resistance
 j - 5 potions of invisibility
 m - 4 potions of might
 o - 8 potions of attraction
 q - 11 potions of lignification
 r - 4 potions of cancellation
 t - 4 potions of berserk rage
 u - 12 potions of curing {@q1}
 x - 6 potions of mutation
 D - 3 potions of magic
 F - 2 potions of heal wounds {@q2}
 G - 8 potions of brilliance
 L - 13 potions of degeneration
 X - 18 potions of ambrosia
Miscellaneous
 S - a phantom mirror
 T - a tin of tremorstones (2/2)


   Skills:
 - Level 17.9 Fighting
 - Level 4.0 Short Blades
 + Level 7.5 Staves
 - Level 12.9 Armour
 - Level 18.0 Dodging
 - Level 4.3 Stealth
 - Level 15.5 Shields
 - Level 3.0 Unarmed Combat
 * Level 21.7 Spellcasting
 * Level 21.7 Conjurations
 * Level 21.7 Hexes
 * Level 21.7 Summonings
 * Level 21.7 Necromancy
 * Level 21.7 Translocations
 * Level 21.7 Fire Magic
 * Level 21.7 Ice Magic
 * Level 21.7 Air Magic
 * Level 21.7 Earth Magic
 * Level 21.7 Alchemy
 + Level 11.7 Invocations
 - Level 6.1 Evocations
 - Level 3.1 Shapeshifting


You knew the following spells:

 Your Spells              Type           Power      Damage    Failure   Level
a - Summon Forest         Summ/Tloc      75%        N/A       0%          5
b - Summon Cactus Giant   Summ           75%        N/A       1%          6
c - Lesser Beckoning      Tloc           100%       N/A       0%          2
d - Summon Blazeheart Go  Fire/Summ      100%       N/A       0%          4
e - Infestation           Necr           63%        N/A       2%          8
f - Sandblast             Erth           100%       2d20      0%          1
g - Jinxbite              Hex            100%       N/A       0%          2
h - Eringya's Noxious Bo  Alch           63%        4d6       1%          6
i - Monstrous Menagerie   Summ           75%        N/A       1%          7
j - Freezing Cloud        Conj/Ice/Air   75%        6-21      0%          5
k - Conjure Ball Lightni  Conj/Air       75%        3x3d28    1%          6
l - Death's Door          Necr           63%        N/A       34%         9
Your spell library was empty.

Dungeon Overview and Level Annotations

Branches:
Dungeon (15/15)            Temple (1/1) D:5            Lair (5/5) D:9
 Shoals (4/4) Lair:3       Spider (4/4) Lair:3        Slime (0/5) Lair:5
    Orc (2/2) D:9             Elf (3/3) Orc:2        Vaults (4/5) D:14
  Crypt (3/3) Vaults:3       Tomb (0/3) Crypt:3      Depths (4/4) D:15
    Zot (0/5) Depths:4      IceCv (visited)

Altars:
Ashenzari
Cheibriados
Dithmenos
Elyvilon
Fedhas
Gozag
Hepliaklqana
Makhleb
Nemelex Xobeh
Okawaru
Qazlal
Ru
Trog
Uskayaw
Wu Jian
Xom
Yredelemnul
Zin
The Shining One
Ignis
Jiyva
Lugonu

Shops:
D:1 ?   D:6 (   D:13 *   Orc:1 ?   Orc:2 [**   Elf:2 =:=   Elf:3 (   Vaults:2 ?
Vaults:4 =   Depths:1 *   Depths:3 *=   Depths:4 =

Portals:
Hell: Depths:1 Depths:2 Depths:3 Depths:4
Abyss: Depths:1 Depths:2 Depths:3 Depths:4
Pandemonium: Depths:2
Ziggurat: Depths:2
Trove: Vaults:4 (show abyssal rune of Zot)

Annotations:
D:3 2 transporters, Curundu's ghost, amateur MiBe
D:8 4 runed translucent doors
D:11 exclusion: obsidian statue
Spider:4 3 runed translucent doors, ChongLi's ghost, adept NaAl
Elf:2 3 runed translucent doors
Vaults:3 3 runed translucent doors, Namoxzo's ghost, adept VSBr


Innate Abilities, Weirdness & Mutations

You are immune to sickness and miasma.
You are immune to poison.
Your flesh is very heat resistant. (rF++)
You are very vulnerable to cold. (rC--)
You float through the air rather than walking.
You learn spells naturally, not from books.
Your magical power is your life essence.
You have superior vitality. (+4 MHP)
[You frequently scream uncontrollably at your foes.]
[((You are often teleported next to monsters.))]
[Potions cannot restore your health.]
[You sometimes lose the ability to read scrolls when taking damage.]


Message History

The starflower resists.
Flame seeps out of the starflower.
The starflower is severely damaged.
The fiery explosion engulfs you! You resist.
* * * LOW HITPOINT WARNING * * *
The fiery explosion engulfs the starcursed mass!!!
Cheibriados appreciates the change of pace.
The fiery explosion engulfs the starcursed mass!!!
Flame seeps out of the starcursed mass.
The starcursed mass is almost destroyed.
The starcursed mass explodes!
The fiery explosion engulfs the starcursed mass!
Flame seeps out of the starcursed mass.
The starcursed mass is heavily damaged.
The fiery explosion engulfs you! You resist.
* * * LOW HITPOINT WARNING * * *
The fiery explosion engulfs the wretched star!!
The wretched star resists.
The wretched star is moderately damaged.
The fiery explosion engulfs the starflower!!
The starflower resists.
Flame seeps out of the starflower.
The starflower is heavily damaged.
The starcursed mass shudders and withdraws towards its neighbour.
The starcursed mass explodes!
The fiery explosion engulfs the wretched star!!
The wretched star resists.
The wretched star is severely damaged.
The fiery explosion engulfs the starcursed mass!!
Flame seeps out of the starcursed mass.
The starcursed mass is almost destroyed.
The fiery explosion engulfs the starcursed mass!!
Flame seeps out of the starcursed mass.
The starcursed mass is severely damaged.
The fiery explosion engulfs the oklob plant!!!
Flame seeps out of the oklob plant.
The oklob plant is severely damaged.
The fiery explosion engulfs the starflower!
The starflower resists.
Flame seeps out of the starflower.
The starflower is almost destroyed.
The fiery explosion engulfs you! You resist.
You die...

##.#...#. .# .
#...∩#§#♣. ♣..
#......§§§.⌠..⌠.
♣......⌠§☼#########
.♣.....⌠'§.○#§#.#8#
♣♣....♣.##§○§§○○.##
....... #P§X§P§#§.#
♣.♣.♣...##*○#§#.§##
.♣♣.♣♣. ♣♣○X§@§§§§#
.♣.....⌠##○§#§#..##
........#.§#§P§⌠..#
.∩♣.....##......∩##
.....♣..#8#.#♣#.#⌠'⌠
.♣... .##### ###∩.⌠P
..♣♣♣♣♣⌠. ⌠⌠.. ..
... P.∩ ..


You could see 2 starcursed masses, 3 starflowers, a wretched star and an oklob
plant (inner flame).

Vanquished Creatures
  A juggernaut (Depths:4)
  Bai Suzhen (Vaults:2)
  5 caustic shrikes (Depths:4)
  Nikola (Vaults:3)
  Arachne (Spider:2)
  A tentacled monstrosity (Abyss:4)
  A lich (Depths:3)
  2 deep elf blademasters (Elf:3)
  3 deep elf master archers (Elf:3)
  4 tentacled starspawn
  2 sphinxes (Vaults:1)
  Kirke (Shoals:4)
  A revenant (Crypt:3)
  2 tengu reavers
  Ilsuiw (Shoals:2)
  2 draconian monks (Depths:4)
  A fire giant (Depths:3)
  4 emperor scorpions
  4 vault wardens
  6 deep elf sorcerers
  A shard shrike simulacrum (Crypt:3)
  A spectral caustic shrike (Crypt:3)
  4 deep elf elementalists
  2 ghost moths
  A spriggan defender (Depths:4)
  A broodmother (Spider:2)
  7 ironbound preservers
  3 orc warlords (Vaults:1)
  2 formless jellyfish
  2 very ugly things
  6 ironbound thunderhulks
  A starflower (Abyss:3)
  2 stone giants (Depths:3)
  7 deep elf demonologists (Elf:3)
  7 deep elf annihilators (Elf:3)
  A red draconian (Depths:4)
  2 spark wasps
  A spectral quicksilver dragon (Crypt:3)
  7 deep elf death magi (Elf:3)
  8 merfolk javelineers
  2 eidola
  6 merfolk impalers
  2 jiangshi (Crypt:1)
  Josephine (D:15)
  3 deep elf high priests (Elf:3)
  7 yaktaur captains
  5 fire dragons
  Harold (D:9)
  A great orb of eyes (Vaults:3)
  A rakshasa (D:15)
  A spectral spriggan (Crypt:3)
  3 ettins
  A caustic shrike simulacrum (IceCv)
  7 hydras
  6 entropy weavers
  2 peacekeepers
  3 radroaches
  A sphinx zombie (Crypt:3)
  2 ghost crabs (Shoals:3)
  A merfolk avatar (Shoals:2)
  A spriggan air mage (Depths:2)
  2 dancing weapons
  2 catoblepae
  2 two-headed ogres
  2 ironbound frosthearts
  2 alligator snapping turtles (Shoals:4)
  3 boulder beetles
  15 centaur warriors
  3 death scarabs (Spider:4)
  A spectral stone giant (Crypt:3)
  4 demonic crawlers
  2 deep troll earth magi (Depths:2)
  A death yak (Lair:4)
  A spectral dire elephant (Crypt:3)
  An orc high priest (Vaults:1)
  Urug (D:12)
  2 spectral nagas (Crypt:3)
  A spectral storm dragon (Crypt:3)
  A sun demon (D:9)
  2 occultists (D:15)
  6 deep elf knights
  2 hell knights (Depths:1)
  2 shadow wraiths (Crypt:3)
  An iron troll (Depths:2)
  A wretched star (Abyss:4)
  4 skeletal warriors
  3 skysharks
  9 pharaoh ants
  A salamander mystic (D:15)
  12 deep trolls
  13 sea snakes
  5 flayed ghosts
  3 orb spiders
  6 arcanists
  A spriggan simulacrum (IceCv)
  A golden dragon zombie (Crypt:3)
  9 deep elf archers
  5 lindwurms
  2 spectral wolf spiders (Spider:4)
  A spectral jorogumo (Spider:4)
  4 steelbarb worms
  7 ironbound convokers
  10 harpies
  12 orc knights
  5 phantasmal warriors
  A necromancer (Vaults:1)
  8 orc sorcerers
  19 deep elf pyromancers
  16 wolf spiders
  5 ugly things
  22 deep elf zephyrmancers
  5 fauns (Shoals:2)
  2 salamanders (shapeshifter)
  11 manticores
  Maurice (Orc:2)
  6 salamanders (D:15)
  2 moths of wrath
  3 cyclopes
  5 meliai
  5 large abominations
  6 water nymphs
  8 elephants (Lair:4)
  An apocalypse crab (Abyss:3)
  7 merfolk sirens
  4 torpor snails
  2 black mambas
  6 vault sentinels
  An orange demon (Abyss:1)
  11 cane toads
  4 smoke demons
  A gargoyle (D:15)
  A molten gargoyle (D:15)
  Maggie (D:7)
  A catoblepas zombie (Crypt:1)
  8 freezing wraiths
  A kobold demonologist (D:9)
  An unseen horror (D:12)
  3 nameless horrors
  2 efreet
  3 komodo dragons
  A minotaur zombie (Crypt:1)
  4 ice devils (IceCv)
  2 spectral merfolk (Shoals:3)
  An anaconda simulacrum (IceCv)
  6 rime drakes
  13 yaktaurs
  4 spectral redbacks (Spider:4)
  3 ancient zymes
  Grinder (D:6)
  22 merfolk
  A queen bee (Lair:2)
  A troll (D:12)
  13 tarantellas
  A spectral culicivora (Spider:4)
  4 wind drakes
  2 jumping spider zombies (Spider:4)
  A polar bear (Lair:4)
  A tyrant leech (Lair:5)
  A raiju (Abyss:3)
  15 blink frogs
  8 snapping turtles
  A tarantella zombie (Spider:4)
  31 jumping spiders
  24 slime creatures
  A spriggan (Lair:4)
  8 small abominations
  A jumping spider (shapeshifter) (Elf:2)
  5 water elementals
  8 air elementals
  A vampire (D:8)
  23 culicivoras
  A shadow (D:12)
  5 basilisks
  6 wraiths
  31 yaks
  4 hogs (Shoals:4)
  11 fire elementals
  39 redbacks
  3 wyverns
  2 steam dragons
  Grum (D:8)
  10 wargs (Orc:2)
  2 minotaur simulacra (IceCv)
  3 vampire mosquitoes
  2 acid dragons
  11 water moccasins
  A harpy simulacrum (D:14)
  17 orc warriors
  An ice beast (D:8)
  3 ogres
  An ettin simulacrum (Crypt:3)
  3 laughing skulls
  6 starcursed masses (Abyss:4)
  13 wolves
  A hog zombie (Crypt:3)
  10 centaurs
  A brain worm (shapeshifter) (Elf:3)
  A bullfrog (shapeshifter) (D:15)
  A kobold brigand (D:11)
  A brain worm (Abyss:1)
  18 bullfrogs
  4 scorpions
  2 gnoll sergeants
  A naga simulacrum (Crypt:3)
  A cyclops zombie (Crypt:2)
  A deep troll simulacrum (IceCv)
  An earth elemental (Elf:1)
  A cyclops skeleton (Crypt:1)
  A wight (D:10)
  33 killer bees
  A shapeshifter skeleton (Crypt:2)
  A polar bear skeleton (Crypt:2)
  3 howler monkeys
  4 electric eels
  3 crimson imps
  A bombardier beetle (D:6)
  6 orc priests
  3 jellies
  Crazy Yiuf (D:2)
  3 hounds
  An iron imp (Abyss:1)
  3 iguanas
  A sleepcap (D:4)
  13 orc wizards
  3 adders
  10 gnolls
  A shadow imp (D:6)
  4 white imps
  7 ufetubi
  A dart slug (D:2)
  2 ribbon worms (D:4)
  48 orcs
  A bat (D:1)
  2 endoplasms
  A giant cockroach (D:4)
  8 goblins
  7 hobgoblins
  3 jackals (D:2)
  12 kobolds
  7 quokkas
  8 ball pythons
  3 frilled lizards
  A frilled lizard skeleton (Crypt:3)
  A frilled lizard zombie (Crypt:1)
  A quokka skeleton (Crypt:2)
  7 rats
  A butterfly (Lair:4)
  24 snaplasher vines
  3 starspawn tentacles
1195 creatures vanquished.

Vanquished Creatures (collateral kills)
  A juggernaut (Depths:4)
  A golden dragon (Depths:3)
  Jorgrun (D:12)
  2 tentacled monstrosities
  4 liches
  4 sphinxes
  A walking divine tome (Depths:4)
  6 tentacled starspawn
  Asterion (Vaults:2)
  An ancient champion (Crypt:1)
  8 tengu reavers
  4 shadow dragons
  4 revenants (Crypt:3)
  5 fire giants
  4 draconian monks (Depths:4)
  4 draconian knights (Depths:4)
  2 iron dragons (Depths:4)
  4 frost giants
  5 vault wardens
  A deep elf sorcerer (Elf:3)
  A spectral juggernaut (Crypt:3)
  2 ghost moths
  A deep elf elementalist (Elf:3)
  2 curse skulls
  2 spectral caustic shrikes (Crypt:3)
  5 reapers
  A cacodemon (Abyss:3)
  8 ironbound preservers
  5 stone giants
  A formless jellyfish (Vaults:3)
  4 ironbound thunderhulks
  A vampire knight (Crypt:1)
  7 very ugly things
  A deep elf death mage (Crypt:2)
  A deep elf demonologist (Elf:3)
  6 red draconians (Depths:4)
  A green draconian (Depths:4)
  A dire elephant (Lair:4)
  2 starflowers
  2 lorocyprocas
  4 war gargoyles
  The ghost of jlumianski the Martial Artist, a journeyman GnSh of Wu Jian (D:11)
  Azrael (D:12)
  A purple draconian (Depths:4)
  3 spark wasps
  A spectral quicksilver dragon (Crypt:3)
  5 eidola (Crypt:3)
  4 jiangshi (Crypt:1)
  4 ettins
  4 crystal guardians
  11 fire dragons
  An entropy weaver (Spider:4)
  A spectral kraken (Shoals:3)
  3 deep elf high priests (Elf:3)
  A spriggan zombie (Abyss:1)
  An entropy weaver (shapeshifter) (Abyss:3)
  A vault guard (Vaults:3)
  2 hydras (Depths:2)
  A fenstrider witch zombie (Crypt:2)
  A spectral shadow dragon (Crypt:3)
  3 great orbs of eyes
  A hell beast (Depths:2)
  A quicksilver dragon zombie (Crypt:3)
  A quicksilver dragon skeleton (Depths:2)
  5 yaktaur captains
  4 peacekeepers
  6 ice dragons
  A jorogumo (Spider:4)
  3 centaur warriors
  2 catoblepae (D:14)
  6 boulder beetles
  6 ironbound frosthearts
  An ogre mage (D:14)
  A ghost crab (Shoals:3)
  9 dancing weapons
  A death yak (Lair:4)
  3 death scarabs (Spider:4)
  3 deep troll shamans (Depths:2)
  6 vampire magi
  4 two-headed ogres
  2 thrashing horrors
  A spectral formless jellyfish (Shoals:3)
  A naga sharpshooter (D:15)
  2 tengu warriors
  7 deep troll earth magi
  A spectral dire elephant (Crypt:3)
  5 deep elf knights
  3 wretched stars
  10 iron trolls
  3 skysharks
  17 skeletal warriors
  A soul eater (Crypt:1)
  26 deep trolls
  A glowing orange brain (Depths:1)
  A pharaoh ant (Spider:4)
  2 sixfirhies
  Lodul (D:14)
  7 large abominations
  5 shadow wraiths (Crypt:3)
  5 flayed ghosts
  A bog body (IceCv)
  3 ironbound convokers
  A spectral jorogumo (Spider:4)
  4 lindwurms
  2 orc knights
  7 harpies
  4 arcanists
  A spriggan simulacrum (IceCv)
  4 deep elf archers (Elf:1)
  A frost giant zombie (Crypt:2)
  2 steelbarb worms (Spider:4)
  4 necromancers
  A wolf spider zombie (Spider:4)
  7 phantasmal warriors
  5 deep elf zephyrmancers
  A lindwurm (shapeshifter) (Depths:3)
  13 starcursed masses
  A worldbinder (Abyss:3)
  5 deep elf pyromancers (Elf:1)
  16 ugly things
  A fire giant zombie (Crypt:2)
  A shadow dragon skeleton (Crypt:3)
  A meliai (D:14)
  A salamander (D:15)
  9 manticores
  A formless jellyfish zombie (Crypt:3)
  A centaur zombie (Abyss:3)
  9 elephants
  A moth of wrath (Spider:4)
  A merfolk siren (Shoals:3)
  A frost giant skeleton (Depths:2)
  2 kobold blastminers (Orc:2)
  3 black mambas
  An eye of devastation (shapeshifter) (Depths:4)
  2 rust devils (D:15)
  An unseen horror (D:13)
  6 gargoyles
  9 cane toads
  4 smoke demons
  A torpor snail (Lair:4)
  7 vault sentinels
  5 komodo dragons
  A sea snake zombie (Crypt:2)
  A redback zombie (Spider:4)
  An orange demon (Abyss:1)
  2 rime drakes
  A spectral redback (Spider:4)
  20 freezing wraiths
  15 yaktaurs
  2 tengu conjurers
  A spectral water nymph (Shoals:3)
  A spectral harpy (Shoals:3)
  2 ice devils (IceCv)
  3 tyrant leeches (Lair:5)
  A wind drake (Shoals:3)
  A polar bear (Lair:4)
  A spectral naga (Crypt:3)
  4 ancient zymes
  A hellwing (Abyss:3)
  A harpy zombie (Crypt:2)
  A merfolk (Shoals:1)
  A white draconian skeleton (Crypt:3)
  An iron troll skeleton (Crypt:1)
  A tarantella (Spider:3)
  6 raiju (Abyss:3)
  2 spectral tarantellas (Spider:4)
  2 glass eyes (Depths:2)
  25 blink frogs
  A spectral manticore (Shoals:3)
  A spectral jumping spider (Spider:4)
  A spectral culicivora (Spider:4)
  A tarantella zombie (Spider:4)
  A spectral black mamba (Crypt:3)
  2 spectral merfolk (Shoals:3)
  4 culicivoras
  5 slime creatures (Vaults:3)
  2 dire elephant simulacra (IceCv)
  3 jumping spiders
  8 wraiths
  2 wyverns (Depths:2)
  15 yaks
  A ynoxinul (Abyss:1)
  An ettin skeleton (Abyss:3)
  A spriggan skeleton (Depths:2)
  3 basilisks
  A black mamba skeleton (Crypt:3)
  A catoblepas simulacrum (Crypt:3)
  A minotaur simulacrum (IceCv)
  3 redbacks
  2 steam dragons
  4 vampire mosquitoes (Lair:5)
  A neqoxec (Abyss:1)
  A merfolk zombie (Crypt:1)
  2 hell hounds
  5 water moccasins
  8 orc warriors
  An ice beast (D:8)
  7 wolves
  3 laughing skulls
  4 small abominations
  A boggart (D:15)
  4 centaurs
  8 ogres
  A weeping skull (Abyss:1)
  A brain worm (Abyss:1)
  A gnoll sergeant (D:7)
  6 bullfrogs
  4 wights
  2 lindwurm simulacra (IceCv)
  7 killer bees
  2 howler monkeys
  A shapeshifter skeleton (Crypt:3)
  An electric eel (Lair:4)
  3 quasits
  6 orc priests
  A gnoll bouda (D:8)
  An iron imp (Abyss:1)
  9 orc wizards
  A crocodile zombie (Crypt:1)
  A tengu skeleton (Crypt:1)
  4 gnolls
  A white imp (Abyss:3)
  2 ufetubi (Abyss:3)
  An adder skeleton (Crypt:1)
  17 orcs
  A bat zombie (Crypt:1)
  A gnoll skeleton (Crypt:2)
  A butterfly (Lair:4)
  A spectral weapon (Vaults:2)
  12 starspawn tentacles
  2 tentacles (Shoals:3)
785 creatures vanquished.

Vanquished Creatures (others)
  2 liches
  A deep elf elementalist (Elf:3)
  An ogre mage (D:15)
  A deep elf knight (Elf:1)
  2 orb spiders
  2 air elementals
  A fire elemental (Elf:2)
  3 humans (Shoals:4)
  5 ball lightnings
  30 blazeheart cores
  41 snaplasher vines
  18 starspawn tentacles
  15 tentacles (Shoals:3)
122 creatures vanquished.

Grand Total: 2102 creatures vanquished

Notes
Turn   | Place    | Note
-------+----------+-------------------------------------------
     0 | D:1      | freelancePsychic the Djinni Shapeshifter began the quest
                  | for the Orb.
     0 | D:1      | Reached XP level 1. HP: 17/17 MP: 0/0
   132 | D:1      | Reached XP level 2. HP: 22/22 MP: 0/0
   257 | D:1      | Reached XP level 3. HP: 28/28 MP: 0/0
   257 | D:1      | Learned a level 1 spell: Sandblast
   488 | D:1      | Found Vogreuc's Magic Scroll Shop.
   498 | D:1      | Bought a scroll of identify for 28 gold pieces
   671 | D:2      | Found a faded altar of an unknown god.
   809 | D:2      | Found a runed translucent door.
   810 | D:2      | Noticed Crazy Yiuf
  1092 | D:2      | Reached skill level 1 in Spellcasting
  1092 | D:2      | Reached skill level 1 in Conjurations
  1092 | D:2      | Reached skill level 1 in Hexes
  1092 | D:2      | Reached skill level 1 in Summonings
  1092 | D:2      | Reached skill level 1 in Necromancy
  1092 | D:2      | Reached skill level 1 in Translocations
  1092 | D:2      | Reached skill level 1 in Fire Magic
  1092 | D:2      | Reached skill level 1 in Ice Magic
  1092 | D:2      | Reached skill level 1 in Air Magic
  1092 | D:2      | Reached skill level 1 in Earth Magic
  1092 | D:2      | Reached skill level 1 in Alchemy
  1255 | D:2      | Reached XP level 4. HP: 24/33 MP: 0/0
  1572 | D:3      | Found a transporter.
  1580 | D:3      | Noticed a small abomination
  1589 | D:3      | Noticed a small abomination
  1605 | D:3      | Noticed a small abomination
  1620 | D:3      | Found a transporter.
  1868 | D:4      | Noticed a scorpion
  1892 | D:4      | Killed a scorpion
  1893 | D:4      | Reached XP level 5. HP: 32/38 MP: 0/0
  1893 | D:4      | Learned a level 2 spell: Jinxbite
  2353 | D:4      | Noticed a centaur
  2365 | D:4      | Killed a centaur
  2366 | D:4      | Reached XP level 6. HP: 34/43 MP: 0/0
  2574 | D:5      | Entered Level 5 of the Dungeon
  2816 | D:2      | Killed Crazy Yiuf
  2942 | D:1      | Bought a scroll of poison for 56 gold pieces
  3060 | D:3      | Reached XP level 7. HP: 37/49 MP: 0/0
  3060 | D:3      | Learned a level 2 spell: Lesser Beckoning
  3354 | D:3      | Noticed Curundu's ghost (amateur MiBe)
  3476 | D:1      | Bought a scroll of teleportation for 42 gold pieces
  3674 | D:5      | Reached skill level 5 in Spellcasting
  3674 | D:5      | Reached skill level 5 in Conjurations
  3674 | D:5      | Reached skill level 5 in Hexes
  3674 | D:5      | Reached skill level 5 in Summonings
  3674 | D:5      | Reached skill level 5 in Necromancy
  3674 | D:5      | Reached skill level 5 in Translocations
  3674 | D:5      | Reached skill level 5 in Fire Magic
  3674 | D:5      | Reached skill level 5 in Ice Magic
  3674 | D:5      | Reached skill level 5 in Air Magic
  3674 | D:5      | Reached skill level 5 in Earth Magic
  3674 | D:5      | Reached skill level 5 in Alchemy
  3935 | D:5      | Found a staircase to the Ecumenical Temple.
  3947 | Temple   | Entered the Ecumenical Temple
  3960 | Temple   | Became a worshipper of Cheibriados the Contemplative
  4275 | D:6      | Found Virr's Antique Weapon Shop.
  4282 | D:6      | Reached XP level 8. HP: 55/55 MP: 0/0
  4310 | D:6      | Identified the +3 ring mail of Blue Skies {*Slow +Blink rN+
                  | Int+5}
  4391 | D:6      | Noticed Grinder
  4408 | D:6      | Paralysed by Grinder for 3 turns
  4414 | D:6      | Paralysed by Grinder for 3 turns
  4417 | D:6      | Killed Grinder
  4418 | D:6      | Reached skill level 1 in Shields
  4843 | D:6      | Found a bloodstained altar of Trog.
  4843 | D:6      | Found a stormy altar of Qazlal.
  4902 | D:6      | Reached * piety under Cheibriados
  5072 | D:7      | Noticed Maggie
  5174 | D:7      | Reached XP level 9. HP: 59/62 MP: 0/0
  5174 | D:7      | Learned a level 4 spell: Summon Blazeheart Golem
  5227 | D:7      | Reached ** piety under Cheibriados
  5407 | D:7      | Reached skill level 5 in Fighting
  5440 | D:7      | Killed Maggie
  5472 | D:7      | Identified the +0 robe of Plog {rC- Str+3 Stlth+ Archmagi}
  5474 | D:7      | Found a broken altar of Ashenzari.
  5693 | D:8      | Reached skill level 5 in Shields
  5693 | D:8      | Reached XP level 10. HP: 43/72 MP: 0/0
  5725 | D:8      | Found a large runed translucent door.
  5726 | D:8      | Found a large runed translucent door.
  5731 | D:8      | Noticed a centaur warrior
  5731 | D:8      | Noticed a manticore
  6065 | D:8      | Reached *** piety under Cheibriados
  6088 | D:8      | Found a large runed translucent door.
  6089 | D:8      | Found a large runed translucent door.
  6229 | D:8      | Noticed a brown ugly thing
  6238 | D:8      | Killed a brown ugly thing
  6304 | D:8      | Noticed a two-headed ogre
  6313 | D:8      | Killed a two-headed ogre
  6338 | D:8      | a troll changed into a cane toad
  6338 | D:8      | Noticed a cane toad (shapeshifter)
  6341 | D:8      | Reached XP level 11. HP: 51/79 MP: 0/0
  6341 | D:8      | Learned a level 5 spell: Freezing Cloud
  6497 | D:8      | Noticed Grum
  6504 | D:8      | Killed Grum
  6684 | D:8      | Reached **** piety under Cheibriados
  6702 | D:8      | Found a shimmering altar of Xom.
  6834 | D:8      | Found a glowing silver altar of Zin.
  7271 | D:8      | Noticed a salamander
  7274 | D:8      | Killed a salamander
  7360 | D:6      | Bought a bone rapier for 234 gold pieces
  7360 | D:6      | Identified the +9 rapier "Wishaluf" {flame, rC- Dex+5 SInv}
                  | (You bought it in a shop on level 6 of the Dungeon)
  7511 | D:9      | Found a hazy altar of Hepliaklqana.
  7574 | D:9      | Found a staircase to the Orcish Mines.
  7649 | D:9      | Reached ***** piety under Cheibriados
  7650 | D:9      | Reached skill level 10 in Spellcasting
  7650 | D:9      | Reached skill level 10 in Conjurations
  7650 | D:9      | Reached skill level 10 in Hexes
  7650 | D:9      | Reached skill level 10 in Summonings
  7650 | D:9      | Reached skill level 10 in Necromancy
  7650 | D:9      | Reached skill level 10 in Translocations
  7650 | D:9      | Reached skill level 10 in Fire Magic
  7650 | D:9      | Reached skill level 10 in Ice Magic
  7650 | D:9      | Reached skill level 10 in Air Magic
  7650 | D:9      | Reached skill level 10 in Earth Magic
  7650 | D:9      | Reached skill level 10 in Alchemy
  7922 | D:9      | Found a staircase to the Lair.
  7944 | D:9      | Reached skill level 1 in Stealth
  7955 | D:9      | Noticed a sun demon
  7970 | D:9      | Killed a sun demon
  8237 | D:10     | Entered Level 10 of the Dungeon
  8237 | D:10     | Noticed Harold
  8252 | D:9      | Killed Harold
  8380 | D:10     | Identified the +5 chain mail of Yphaenyo {rF+++ rC- Regen+
                  | Str+4}
  8516 | D:10     | Reached XP level 12. HP: 61/88 MP: 0/0
  8866 | D:10     | Noticed a large abomination
  8871 | D:10     | Killed a large abomination
  9045 | D:10     | Noticed a two-headed ogre
  9050 | D:10     | Killed a two-headed ogre
  9193 | D:11     | Reached skill level 1 in Short Blades
  9358 | D:11     | Reached ****** piety under Cheibriados
  9589 | D:11     | Reached skill level 10 in Fighting
  9914 | D:11     | Found a large runed translucent door.
  9914 | D:11     | Found a large runed translucent door.
  9918 | D:11     | Noticed jlumianski's ghost (journeyman GnSh)
 10194 | D:12     | Noticed a boulder beetle
 10397 | D:12     | Killed a boulder beetle
 10403 | D:12     | Noticed Urug
 10414 | D:12     | Killed Urug
 10415 | D:12     | Reached XP level 13. HP: 96/96 MP: 0/0
 10415 | D:12     | Learned a level 5 spell: Summon Forest
 10509 | D:12     | Noticed Azrael
 10517 | D:12     | Killed Azrael
 10722 | D:12     | Noticed Jorgrun
 10733 | D:12     | Killed Jorgrun
 11085 | Lair:1   | Entered Level 1 of the Lair of Beasts
 11216 | Lair:1   | Reached skill level 1 in Invocations
 11564 | Lair:1   | Reached skill level 5 in Dodging
 12306 | Lair:2   | Noticed a seven-headed hydra
 12314 | Lair:2   | Killed a seven-headed hydra
 12315 | Lair:2   | Reached XP level 14. HP: 106/106 MP: 0/0
 12334 | Lair:2   | Reached skill level 5 in Invocations
 12806 | Lair:2   | Identified a scroll of acquirement
 12807 | Lair:2   | Acquired the staff of Enachozy {rC+ Str+7 Ice}
 13014 | Lair:3   | Found a staircase to the Shoals.
 13027 | Lair:3   | Identified the +8 orcbow of Feivolu {flame, Stlth+}
 13128 | Lair:3   | Found an ornate altar of the Wu Jian Council.
 13130 | Lair:3   | Found a hide-covered altar of Uskayaw.
 13327 | Lair:3   | Found a sacrificial altar of Ru.
 13383 | Lair:3   | Found a hole to the Spider Nest.
 13879 | Lair:4   | Reached skill level 1 in Evocations
 14416 | Lair:4   | Noticed a dire elephant
 14426 | Lair:4   | Killed a dire elephant
 14946 | Lair:5   | Entered Level 5 of the Lair of Beasts
 14971 | Lair:5   | Reached XP level 15. HP: 111/113 MP: 0/0
 14971 | Lair:5   | Learned a level 6 spell: Summon Cactus Giant
 15020 | Lair:5   | Reached skill level 10 in Dodging
 15109 | Lair:5   | Found a viscous altar of Jiyva.
 15110 | Lair:5   | Found a staircase to the Slime Pits.
 15498 | Lair:5   | Reached skill level 5 in Evocations
 15720 | Lair:5   | Identified the +4 mace "Hydrabane" {spect, rN+ Str-3 Dex+3}
 16433 | D:11     | Killed jlumianski's ghost
 16533 | D:13     | Found Pisioneun's Neck Hole.
 16616 | D:13     | Reached skill level 1 in Armour
 17604 | D:14     | Reached XP level 16. HP: 122/122 MP: 0/0
 17623 | D:14     | Noticed Lodul
 17629 | D:14     | Killed Lodul
 17770 | D:14     | Found a gate to the Vaults.
 18035 | D:15     | Entered Level 15 of the Dungeon
 18189 | D:15     | Noticed Josephine
 18194 | D:15     | Killed Josephine
 18195 | D:15     | Reached skill level 5 in Armour
 18279 | D:15     | Found a staircase to the Depths.
 18361 | D:15     | Paralysed by an air elemental for 1 turns
 18368 | D:15     | Paralysed by an air elemental for 1 turns
 18370 | D:15     | Paralysed by an air elemental for 1 turns
 18385 | D:15     | Paralysed by an air elemental for 1 turns
 18516 | D:15     | Noticed a frost giant
 18524 | D:15     | Killed a frost giant
 18786 | D:15     | Reached skill level 10 in Shields
 19003 | D:15     | Identified the staff "Oceph" {rElec Summ Air}
 19292 | Orc:1    | Entered Level 1 of the Orcish Mines
 19298 | Orc:1    | Found Asysaanof's Magic Scroll Emporium.
 19308 | Orc:1    | Bought a scroll of blinking for 120 gold pieces
 19308 | Orc:1    | Bought a scroll of blinking for 120 gold pieces
 19308 | Orc:1    | Bought a scroll of blinking for 120 gold pieces
 19351 | Orc:2    | Entered Level 2 of the Orcish Mines
 19464 | Orc:2    | Noticed Maurice
 19474 | Orc:2    | Killed Maurice
 19518 | Orc:2    | Found a staircase to the Elven Halls.
 19566 | Orc:2    | Reached XP level 17. HP: 130/130 MP: 0/0
 19566 | Orc:2    | Learned a level 6 spell: Eringya's Noxious Bog
 19765 | Orc:2    | Found Lyecza's Assorted Antiques.
 19776 | Orc:2    | Bought a scroll of teleportation for 69 gold pieces
 19776 | Orc:2    | Bought a scroll of teleportation for 69 gold pieces
 19776 | Orc:2    | Bought a potion of brilliance for 92 gold pieces
 19776 | Orc:2    | Bought a blue potion for 20 gold pieces
 19786 | Orc:2    | Found Bethrohe's Assorted Antiques.
 19793 | Orc:2    | Bought a scroll labelled DOYTOI RUXKIT for 34 gold pieces
 19807 | Orc:2    | Paralysed by an orc sorcerer for 2 turns
 20033 | Orc:2    | Found Liofetiz's Armour Shoppe.
 20390 | Spider:1 | Entered Level 1 of the Spider Nest
 20395 | Spider:1 | Reached skill level 15 in Fighting
 21758 | Spider:2 | Noticed Arachne
 21785 | Spider:2 | Found a frozen archway.
 21794 | IceCv    | Entered an ice cave
 22677 | Spider:2 | HP: 6/132 [broodmother (26)]
 22772 | Spider:2 | Reached XP level 18. HP: 95/139 MP: 0/0
 23094 | Spider:2 | Killed Arachne
 24609 | Spider:4 | Entered Level 4 of the Spider Nest
 24701 | Spider:4 | Noticed ChongLi's ghost (adept NaAl)
 24712 | Spider:4 | Found a runed translucent gate.
 24712 | Spider:4 | Found a runed translucent gate.
 24712 | Spider:4 | Found a runed translucent gate.
 24874 | Spider:4 | Reached skill level 10 in Armour
 25923 | Shoals:1 | Entered Level 1 of the Shoals
 26188 | Shoals:1 | Reached XP level 19. HP: 147/147 MP: 0/0
 26188 | Shoals:1 | Learned a level 6 spell: Conjure Ball Lightning
 26905 | Shoals:2 | Noticed Ilsuiw
 26916 | Shoals:2 | Killed Ilsuiw
 27961 | Shoals:4 | Entered Level 4 of the Shoals
 28136 | Shoals:4 | Identified the ring of Temptation {Will+ Stlth+}
 28136 | Shoals:4 | Noticed Kirke
 28142 | Shoals:4 | Paralysed by a sphinx for 3 turns
 28149 | Shoals:4 | Killed Kirke
 28565 | Shoals:4 | Got a barnacled rune of Zot
 28649 | Shoals:4 | Identified the +9 morningstar of Makhleb's Castigation
                  | {drain, rC++ rCorr Int-5 SInv}
 29210 | Spider:4 | Got a gossamer rune of Zot
 29595 | Elf:1    | Entered Level 1 of the Elven Halls
 29851 | Elf:1    | Reached XP level 20. HP: 155/155 MP: 0/0
 29906 | Elf:1    | Paralysed by an air elemental for 1 turns
 31320 | Elf:2    | Paralysed by an air elemental for 1 turns
 31446 | Elf:2    | Found a runed translucent gate.
 31449 | Elf:2    | Found a runed translucent gate.
 31449 | Elf:2    | Found a runed translucent gate.
 31588 | Elf:2    | Found Xiegokhlu's Jewellery Emporium.
 31590 | Elf:2    | Found Hodus's Book Boutique.
 31592 | Elf:2    | Found Faanada's Jewellery Emporium.
 31775 | Elf:3    | Entered Level 3 of the Elven Halls
 31959 | Elf:3    | Reached skill level 15 in Shields
 32039 | Elf:3    | Found Wubivith's Weapon Boutique.
 32195 | Elf:3    | Reached skill level 1 in Staves
 32342 | Elf:3    | Identified the +1 flail "Zaurr" {heavy, Int+3 Stlth+}
 32409 | Elf:3    | Reached XP level 21. HP: 119/162 MP: 0/0
 32409 | Elf:3    | Learned a level 8 spell: Infestation
 32411 | Elf:3    | Identified the +0 chain mail of the Lost Path {*Corrode
                  | Will+++ Int+3}
 32421 | Elf:3    | Noticed a Tzitzimitl
 32552 | Elf:3    | Reached skill level 15 in Spellcasting
 32552 | Elf:3    | Reached skill level 15 in Conjurations
 32552 | Elf:3    | Reached skill level 15 in Hexes
 32552 | Elf:3    | Reached skill level 15 in Summonings
 32552 | Elf:3    | Reached skill level 15 in Necromancy
 32552 | Elf:3    | Reached skill level 15 in Translocations
 32552 | Elf:3    | Reached skill level 15 in Fire Magic
 32552 | Elf:3    | Reached skill level 15 in Ice Magic
 32552 | Elf:3    | Reached skill level 15 in Air Magic
 32552 | Elf:3    | Reached skill level 15 in Earth Magic
 32552 | Elf:3    | Reached skill level 15 in Alchemy
 32795 | Elf:3    | Identified the +3 halberd of Quzoop {heavy, rC+}
 32941 | Elf:3    | Identified the +1 leather armour of Veetenawy {rCorr}
 32964 | Elf:3    | Identified the +9 morningstar "Beetleslayer" {flame, SInv}
 32976 | Elf:3    | Noticed a Brimstone Fiend
 33064 | Elf:3    | Paralysed by an air elemental for 1 turns
 33220 | Elf:3    | Identified the dragon-blood talisman of Cheibriados's
                  | Esteem {rF+ Will+ Int+4 Dex+2}
 33629 | Vaults:1 | Entered Level 1 of the Vaults
 34471 | Vaults:1 | Identified the storm talisman of Jabisch {Will+}
 34996 | Vaults:1 | Identified the scarf "Biur" {rC+ rF+, *Corrode Str+3 Dex+4}
 35094 | Vaults:2 | Reached XP level 22. HP: 168/168 MP: 0/0
 35315 | Vaults:2 | Noticed Bai Suzhen
 35333 | Vaults:2 | Killed Bai Suzhen
 35404 | Vaults:2 | You are sucked into a shaft and drop 2 floors!
 35813 | Vaults:4 | Found Jyzumm's Jewellery Shoppe.
 36570 | Vaults:4 | Found a portal to a secret trove of treasure.
 36970 | Vaults:3 | Found a runed translucent gate.
 36970 | Vaults:3 | Found a runed translucent gate.
 36970 | Vaults:3 | Found a runed translucent gate.
 37369 | Vaults:3 | Noticed Nikola
 37388 | Vaults:3 | Killed Nikola
 37396 | Vaults:3 | Reached XP level 23. HP: 173/175 MP: 0/0
 37396 | Vaults:3 | Learned a level 7 spell: Monstrous Menagerie
 37413 | Vaults:3 | Found a staircase to the Crypt.
 37711 | Vaults:3 | Reached skill level 15 in Dodging
 37849 | Vaults:3 | Noticed Namoxzo's ghost (adept VSBr)
 38013 | Vaults:2 | Found Retohigruph's Magic Scroll Emporium.
 38036 | Vaults:2 | Bought a scroll of blinking for 150 gold pieces
 38036 | Vaults:2 | Bought a scroll of fear for 80 gold pieces
 38036 | Vaults:2 | Bought a scroll of immolation for 80 gold pieces
 38076 | Vaults:2 | Noticed Asterion
 38090 | Vaults:2 | Killed Asterion
 38969 | Depths:1 | Entered Level 1 of the Depths
 38996 | Depths:1 | Found a white marble altar of Elyvilon.
 39023 | Depths:1 | Found a bloodstained altar of Trog.
 39244 | Depths:1 | Found a corrupted altar of Lugonu.
 39244 | Depths:1 | Found a one-way gate to the infinite horrors of the Abyss.
 39344 | Depths:1 | Found Dehe Kaa's General Store.
 39352 | Depths:1 | Bought a scroll of teleportation for 54 gold pieces
 39352 | Depths:1 | Bought a scroll of teleportation for 54 gold pieces
 39368 | Depths:1 | Found a gateway to Hell.
 39489 | Depths:2 | Found a one-way gateway to a ziggurat.
 39832 | Depths:2 | Reached XP level 24. HP: 181/181 MP: 0/0
 40012 | Depths:2 | Found a one-way gate leading to the halls of Pandemonium.
 40373 | Depths:3 | Found Etuajid's General Store.
 40389 | Depths:3 | Bought a scroll of enchant armour for 90 gold pieces
 40389 | Depths:3 | Bought a scroll of teleportation for 36 gold pieces
 40602 | Depths:3 | Found Vumeod's Jewellery Emporium.
 40760 | Depths:3 | Noticed a golden dragon
 40772 | Depths:3 | Killed a golden dragon
 41363 | Depths:4 | Entered Level 4 of the Depths
 41374 | Depths:4 | Found Myrecraw's Jewellery Shop.
 41482 | Depths:4 | Noticed a caustic shrike
 41490 | Depths:4 | Killed a caustic shrike
 41491 | Depths:4 | Noticed a caustic shrike
 41491 | Depths:4 | Noticed a caustic shrike
 41491 | Depths:4 | Noticed a caustic shrike
 41494 | Depths:4 | Noticed a caustic shrike
 41498 | Depths:4 | Killed a caustic shrike
 41500 | Depths:4 | Killed a caustic shrike
 41500 | Depths:4 | Killed a caustic shrike
 41505 | Depths:4 | Killed a caustic shrike
 41513 | Depths:4 | Noticed a juggernaut
 41807 | Depths:4 | Killed a juggernaut
 41880 | Depths:4 | Noticed a juggernaut
 42247 | Depths:4 | Killed a juggernaut
 42737 | Depths:4 | Reached XP level 25. HP: 176/186 MP: 0/0
 42737 | Depths:4 | Learned a level 9 spell: Death's Door
 42750 | Depths:4 | Found a gate to the Realm of Zot.
 42841 | Depths:4 | Identified the +8 short sword of Arbitration {flame, rF++}
 42842 | Depths:4 | Found a candlelit altar of Ignis.
 42856 | Depths:4 | Identified the +0 long sword of the Pits of Slime {protect,
                  | rPois Str+4}
 43117 | Crypt:1  | Entered Level 1 of the Crypt
 44375 | Crypt:2  | Reached skill level 10 in Invocations
 44539 | Crypt:3  | Entered Level 3 of the Crypt
 44583 | Crypt:3  | Identified the +1 long sword of Tenacity {vamp, Int+3}
 44608 | Crypt:3  | Reached skill level 5 in Staves
 44956 | Crypt:3  | Identified the +0 shadow dragon scales "Rafiho" {rF- rN+++
                  | Regen+ MP-9 Stlth++++}
 45015 | Crypt:3  | Identified the amulet "Sinecvua" {Regen+ Str+3}
 45015 | Crypt:3  | Identified the ring of Understanding {rN+ Str+4 Int-4}
 45015 | Crypt:3  | Identified the ring "Pokh" {rN+ Str-2 Int+7 SInv}
 45103 | Crypt:3  | Identified the staff of Vesubeitz {rF+ Str+6 Stlth+ Tloc
                  | Fire}
 45120 | Crypt:3  | Upgraded the game from 0.31-a0-1549-g5ff9445e89 to
                  | 0.31-a0-1570-g93c622d222
 45644 | Crypt:3  | Found a staircase to the Tomb.
 45724 | Crypt:3  | Found the +4 consecrated labrys {holy, Valiant ^Fragile Fly
                  | SInv}
 46196 | Depths:1 | Voluntarily entered the Abyss.
 46412 | Abyss:1  | Gained mutation: You are very vulnerable to cold. (rC--) [a
                  | neqoxec]
 46773 | Abyss:1  | Reached XP level 26. HP: 193/193 MP: 0/0
 46775 | Depths:1 | Escaped the Abyss
 46777 | Depths:1 | Voluntarily entered the Abyss.
 46781 | Abyss:1  | Found a corrupted altar of Lugonu.
 46819 | Abyss:1  | Found a corrupted altar of Lugonu.
 47059 | Abyss:3  | Found a corrupted altar of Lugonu.
 47059 | Abyss:3  | Found a corrupted altar of Lugonu.
 47059 | Abyss:3  | Found a corrupted altar of Lugonu.
 47098 | Abyss:3  | Found a corrupted altar of Lugonu.
 47101 | Abyss:3  | Found a corrupted altar of Lugonu.
 47101 | Abyss:3  | Found a corrupted altar of Lugonu.
 47105 | Abyss:3  | Found a corrupted altar of Lugonu.
 47155 | Depths:1 | Escaped the Abyss
 47157 | Depths:1 | Voluntarily entered the Abyss.
 47194 | Abyss:4  | Paralysed by accursed screaming for 1 turns
 47198 | Abyss:4  | Paralysed by accursed screaming for 1 turns
 47211 | Abyss:4  | Paralysed by accursed screaming for 2 turns
 47219 | Abyss:4  | Got an abyssal rune of Zot
 47220 | Abyss:4  | Paralysed by accursed screaming for 2 turns
 47221 | Abyss:4  | HP: 7/193 [spore (12)]
 47221 | Abyss:4  | Killed by an exploding starcursed mass... ignited by their
                  | inner flame

Illustrated notes

Levels and vault maps discovered:
D:1:      dpeg_arrival_tiny_k, layout_rooms, serial_shops, nicolae_diamond_shop,
          dk_noncrumbling_4, minmay_3d_cube
D:2:      layout_basic, dreamdust_ecumenical_altar_hidden_monk_grotto,
          uniq_crazy_yiuf_cottage
D:3:      layout_rooms, gammafunk_ghost_abyssal_escape
D:4:      layout_cave_pods
D:5:      layout_basic, temple_statues, minmay_fire_ice_demons
D:6:      layout_basic, gammafunk_temple_overflow_elements, serial_shops, shop,
          chequers_serial_rivers_micro_c, kennysheep_small_square, uniq_grinder
D:7:      layout_basic, ashenzari_conservatory_becter, uniq_maggie
D:8:      nzn_winding_woodlands_small [nzn_winding_woodlands_5x15_garden,
          nzn_winding_woodlands_center_pierced_h,
          nzn_winding_woodlands_5x15_eye], layout_layer_cave,
          mainiacjoe_overflow_alcove_2, zin_treasury,
          minmay_hollow_rounded_squares, uniq_grum
D:9:      nicolae_cairo_tiling, layout_cave_pools,
          worldfamousw_hep_ancestral_shrine, lair_entry_dummy,
          minmay_orc_entry_temple_small, nicolae_demonic_statue_gallery
D:10:     layout_roguey, laboratory, uniq_harold
D:11:     layout_irregular_city, ebering_ghost_disaster_area, minivault_16
D:12:     layout_long_grid, kennysheep_generic_room_13, uniq_urug, uniq_jorgrun,
          uniq_azrael
D:13:     layout_gridville, nicolae_shop_sticking_my_neck_out
D:14:     layout_gridville, hangedman_vaults_entry_quadrant_bands,
          chequers_arboretum, uniq_lodul
D:15:     hangedman_crystal_crosses_colossus [crystal_crosses_arms_four,
          crystal_crosses_arms_four, crystal_crosses_arms_one], uniq_josephine
Temple:   nicolae_temple_elliptical
Lair:1:   layout_cave_pods
Lair:2:   layout_roguey [special_room_bee], grunt_megastairs_4,
          lemuel_fruit_tree
Lair:3:   layout_loops_ring, shoals_dummy_entry, spider_nest_entry_funnel_web,
          basic_altar, nzn_masters_of_martial_movement, serial_bayou_shore_b,
          grunt_megastairs_1
Lair:4:   mu_elephants_graveyard, layout_cave_pods, infiniplex_staircase_pool,
          lemuel_fruit_fields
Lair:5:   minmay_lair_end_frog_pond, layout_hall_layers, slime_entry_1
Shoals:1: layout_shoals
Shoals:2: layout_shoals, uniq_ilsuiw
Shoals:3: layout_shoals, nicolae_shoals_spectral_cove
Shoals:4: shoals_end_simple, layout_shoals, uniq_kirke
Spider:1: nicolae_spider_hilbert_zone_3 [nicolae_spider_hilbert_4_sides_2_open,
          nicolae_spider_hilbert_3_sides_1_open,
          nicolae_spider_hilbert_3_sides_1_open,
          nicolae_spider_hilbert_3_sides_1_open,
          nicolae_spider_hilbert_3_sides_1_open,
          nicolae_spider_hilbert_4_sides_1_open,
          nicolae_spider_hilbert_4_sides_1_open,
          nicolae_spider_hilbert_4_sides_1_open,
          nicolae_spider_hilbert_4_sides_1_open,
          nicolae_spider_hilbert_4_sides_1_open,
          nicolae_spider_hilbert_4_sides_1_open,
          nicolae_spider_hilbert_4_sides_1_open,
          nicolae_spider_hilbert_4_sides_1_open,
          nicolae_spider_hilbert_3_sides_1_open,
          nicolae_spider_hilbert_3_sides_1_open,
          nicolae_spider_hilbert_3_sides_1_open,
          nicolae_spider_hilbert_3_sides_1_open]
Spider:2: layout_spider_delve, portal_ice_cave_entry_pillars_four, uniq_arachne
Spider:3: layout_chambers
Spider:4: floodkiller_spider_rune_tomb, gammafunk_ghost_split
Orc:1:    layout_diamond_mine, serial_shops, shop
Orc:2:    st_orc_town, layout_diamond_mine, basic_altar, uniq_maurice
Elf:1:    layout_loops_corners, evilmike_minifort, nicolae_elf_m_pinch
Elf:2:    nicolae_elf_blades_splatter_lattice
          [nicolae_blade_entry_area_security], layout_geoelf_grid,
          minmay_shop_grove
Elf:3:    nooodl_elf_gasket, layout_geoelf_castle, serial_shops,
          nicolae_shop_window_shopping
Vaults:1: dpeg_vaults_pockets_of_resistance, minmay_orc_keep,
          nicolae_vaults_windows_and_doors_thing, nicolae_vaults_tangram_2,
          hangedman_vaults_capsules, nicolae_vaults_house_1,
          nicolae_vaults_closet_pinwheel_4, layout_vaults_chaotic_city
Vaults:2: vaults_dpeg_encased_lava, ontoclasm_vaults_ligature,
          nicolae_vaults_ninety_degrees, nicolae_vaults_offset_grid_hallway_3,
          nicolae_vaults_an_arrangement, vaults_room_grid,
          hangedman_vaults_pinch, nicolae_vaults_tetromino_Z_1,
          nicolae_vaults_storage_closets_2, nicolae_vaults_tetromino_T_2,
          nicolae_vaults_storage_room_glass, ontoclasm_vaults_twist,
          layout_vaults_omnigrid, serial_shops, nicolae_shop_behind_doors,
          uniq_asterion, uniq_bai_suzhen
Vaults:3: gammafunk_ghost_necromancy, nicolae_vaults_tetromino_T_1,
          grunt_vaults_focal, nicolae_vaults_diamond_2, ontoclasm_vaults_shout,
          nicolae_vaults_mini_display_case, vaults_room_door_hall,
          minmay_crypt_entry_simple_walls, nicolae_vaults_turnstiles, v_misc_10,
          hangedman_vaults_nodes, nicolae_vaults_gold_heap, vaults_dpeg_ring,
          layout_vaults_omnicross, uniq_nikola, uniq_margery
Vaults:4: nicolae_vaults_tetromino_L_2, nicolae_vaults_big_angled_halls,
          vaults_room_door_ring, nicolae_vaults_wine_cellar,
          nicolae_vaults_variable_pillar_hall_cross, vaults_room_door_ring,
          nicolae_vaults_closet_pinwheel_6, hangedman_vaults_stitches,
          nicolae_vaults_octothorpe, nicolae_vaults_offset_grid_hallway_1,
          hangedman_vaults_trim, nicolae_vaults_security_offices_6,
          vaults_room_octagon, layout_vaults_omnibox,
          nicolae_trove_entry_diagonal, serial_shops, shop
Crypt:1:  layout_regular_city, columned_hall_lemuel, grunt_crypt_arrival_webbed
Crypt:2:  layout_regular_city
Crypt:3:  due_elkab, layout_chaotic_city, minivault_11,
          serial_library_regret_index_multi
Depths:1: layout_small_grid, pf_coc_iceberg, serial_shops,
          nicolae_shop_window_shopping, trog_three_pillars_becter,
          abyss_entry_flame_altar, elyvilon_altar_5
Depths:2: minmay_textured_paths, layout_cave_shapes, enter_ziggurat_f,
          special_room [special_room_mythical_zoo], grunt_pan_entry_sceptre,
          hell_entry, serial_library_regret_index_branch_corner,
          abyss_entry_small_statue_room
Depths:3: kennysheep_oblong_rooms, layout_long_grid, serial_shops,
          shop_fountains, nicolae_shop_trees, abyss_entry, hell_entry,
          bh_walls_and_bars, grunt_ministairs_8, moated_statue, hex_tiny,
          infiniplex_staircase_zigzag_2
Depths:4: regret_index_infernal_bastille, layout_honeycomb, hell_entry,
          serial_shops, shop, abyss_entry, chequers_serial_rivers_micro_d,
          chequers_serial_rivers_micro_b, minmay_checkered_concentric_circles
Abyss:4:  base: D:7, bh_silent_lugonu_exit, spicy_pingpong_abyss_rune,
          evilmike_abyss_exit_10

Skill      XL: |  1  2  3  4  5  6  7  8  9 10 11 12 13 14 15 16 17 18 19 20 21 22 23 24 25 26 |
---------------+-------------------------------------------------------------------------------+-----
Shapeshifting  | 3 |  3.1
Fighting       | 2 4 5 7 8 10 11 12 13 14 15 16 17 | 17.9
Spellcasting   | 1 2 3 4 5 6 7 9 10 11 12 13 14 16 17 19 20 21 | 21.7
Conjurations   | 1 2 3 4 5 6 7 9 10 11 12 13 14 16 17 19 20 21 | 21.7
Hexes          | 1 2 3 4 5 6 7 9 10 11 12 13 14 16 17 19 20 21 | 21.7
Summonings     | 1 2 3 4 5 6 7 9 10 11 12 13 14 16 17 19 20 21 | 21.7
Necromancy     | 1 2 3 4 5 6 7 9 10 11 12 13 14 16 17 19 20 21 | 21.7
Translocations | 1 2 3 4 5 6 7 9 10 11 12 13 14 16 17 19 20 21 | 21.7
Fire Magic     | 1 2 3 4 5 6 7 9 10 11 12 13 14 16 17 19 20 21 | 21.7
Ice Magic      | 1 2 3 4 5 6 7 9 10 11 12 13 14 16 17 19 20 21 | 21.7
Air Magic      | 1 2 3 4 5 6 7 9 10 11 12 13 14 16 17 19 20 21 | 21.7
Earth Magic    | 1 2 3 4 5 6 7 9 10 11 12 13 14 16 17 19 20 21 | 21.7
Alchemy        | 1 2 3 4 5 6 7 9 10 11 12 13 14 16 17 19 20 21 | 21.7
Shields        | 3 5 6 7 8 10 11 13 14 15 | 15.5
Stealth        | 2 4 |  4.3
Short Blades   | 3 4 |  4.0
Dodging        | 6 9 10 12 14 16 17 18 | 18.0
Invocations    | 4 8 9 11 | 11.7
Evocations     | 2 6 |  6.1
Armour         | 3 6 9 10 12 | 12.9
Staves         | 3 4 6 7 |  7.5
Unarmed Combat | |  3.0

Action                     |  1- 3 |  4- 6 |  7- 9 | 10-12 | 13-15 | 16-18 | 19-21 | 22-24 | 25-27 || total
---------------------------+-------+-------+-------+-------+-------+-------+-------+-------+-------++-------
  Melee: Unarmed           |    93 |    69 |   158 |    11 |       |       |       |       |       ||   331
         Punch             |     1 |     1 |     8 |       |       |       |       |       |       ||    10
         Dagger            |       |       |       |   107 |   102 |       |       |       |       ||   209
         Rapier            |       |       |       |    32 |       |       |       |       |       ||    32
         Staff             |       |       |       |       |   182 |   540 |   710 |   494 |   411 ||  2337
   Fire: Orcbow            |       |    13 |       |       |       |       |       |       |       ||    13
   Cast: Sandblast         |       |    19 |    48 |    27 |       |       |       |       |       ||    94
         Jinxbite          |       |    10 |    19 |     2 |     1 |       |       |       |       ||    32
         Summon Blazeheart |       |       |     9 |    41 |     3 |       |       |       |       ||    53
         Freezing Cloud    |       |       |       |    73 |   133 |   120 |    84 |     6 |       ||   416
         Summon Forest     |       |       |       |       |    39 |    32 |    15 |    43 |    28 ||   157
         Summon Cactus Gia |       |       |       |       |    23 |    40 |    19 |    21 |     4 ||   107
         Lesser Beckoning  |       |       |       |       |     4 |     4 |    11 |       |     1 ||    20
         Eringya's Noxious |       |       |       |       |       |    67 |    64 |     5 |       ||   136
         Conjure Ball Ligh |       |       |       |       |       |       |     2 |       |       ||     2
         Infestation       |       |       |       |       |       |       |       |    69 |    33 ||   102
         Monstrous Menager |       |       |       |       |       |       |       |    84 |    69 ||   153
 Invoke: Slouch            |       |       |       |       |     1 |     7 |     6 |     8 |       ||    22
         Bend Time         |       |       |       |       |       |     1 |       |       |       ||     1
Ability: Begin Untransform |       |     1 |       |       |       |       |       |       |       ||     1
  Evoke: Wand              |       |     1 |     3 |     4 |     2 |     5 |     5 |     2 |     1 ||    23
         Phantom mirror    |       |       |       |       |     1 |     1 |       |     1 |       ||     3
         Tin of tremorston |       |       |       |       |       |       |       |     1 |       ||     1
    Use: Potion            |     1 |     3 |       |       |     3 |     8 |     5 |     1 |     2 ||    23
         Scroll            |     2 |     2 |     1 |     9 |     8 |    13 |     9 |     9 |     4 ||    57
   Stab: Invisible         |       |     1 |     2 |       |       |       |       |       |       ||     3
         Sleeping          |       |     1 |       |     1 |     2 |       |       |       |       ||     4
         Distracted        |       |       |       |     1 |     9 |     1 |     3 |    16 |    24 ||    54
         Paralysed         |       |       |       |       |       |       |       |     2 |     2 ||     4
         Confused          |       |       |       |       |       |       |       |     1 |     1 ||     2
 Armour: Animal skin       |    12 |       |       |       |       |       |       |       |       ||    12
         Skin              |     4 |       |       |       |       |       |     1 |       |       ||     5
         Leather armour    |    22 |    58 |   103 |       |       |       |       |       |       ||   183
         Steam dragon scal |       |       |     7 |   159 |       |       |       |       |       ||   166
         Troll leather arm |       |       |       |     2 |   141 |       |       |       |       ||   143
         Chain mail        |       |       |       |       |    45 |   704 |   454 |   311 |    78 ||  1592
         Shadow dragon sca |       |       |       |       |       |       |       |       |    85 ||    85
  Dodge: Dodged            |    43 |    65 |   122 |   213 |   354 |   773 |   597 |   584 |   336 ||  3087
  Block: Buckler           |       |       |    14 |   117 |    26 |       |       |       |       ||   157
         Kite shield       |       |       |       |       |   304 |   421 |       |       |       ||   725
         Tower shield      |       |       |       |       |       |   829 |  1494 |  1046 |   753 ||  4122

Table legend: (Time is in decaauts)
 A = Elapsed time spent in this place.
 B = Non-inter-level travel time spent in this place.
 C = Inter-level travel time spent in this place.
 D = Time resting spent in this place.
 E = Time spent auto-exploring this place.
 F = Levels seen in this place.
 G = Mean time per level.
                   A        B        C        D        E       F      G
               +--------+--------+--------+--------+--------+-----+--------+
         Total |  77363 |  69383 |   7980 |   1009 |  53988 |  52 | 1487.8 |
       Dungeon |  20459 |  17450 |   3009 |    466 |  13484 |  15 | 1363.9 |
        Temple |     28 |     14 |     14 |      0 |      0 |   1 |   28.0 |
          Lair |   9890 |   8828 |   1062 |     49 |   7323 |   5 | 1978.0 |
        Shoals |   5259 |   4867 |    392 |      0 |   3710 |   4 | 1314.8 |
   Spider Nest |   9186 |   8335 |    851 |    141 |   6514 |   4 | 2296.5 |
  Orcish Mines |   1938 |   1569 |    369 |      0 |   1203 |   2 |  969.0 |
   Elven Halls |   6369 |   5915 |    454 |    200 |   4489 |   3 | 2123.0 |
        Vaults |   9784 |   8783 |   1001 |      0 |   7293 |   4 | 2446.0 |
         Crypt |   4884 |   4584 |    300 |      0 |   3734 |   3 | 1628.0 |
        Depths |   6982 |   6458 |    524 |      0 |   5187 |   4 | 1745.5 |
         Abyss |   1739 |   1739 |      0 |      0 |    692 |   6 |  289.8 |
      Ice Cave |    841 |    841 |      0 |    153 |    358 |   1 |  841.0 |
               +--------+--------+--------+--------+--------+-----+--------+

Top non-repeatable levels by time:
     D:8: 2697 daAuts
Vaults:1: 2625 daAuts
Spider:1: 2585 daAuts
   Elf:3: 2584 daAuts
Vaults:3: 2496 daAuts
Depths:4: 2451 daAuts
Vaults:2: 2443 daAuts
Spider:3: 2418 daAuts
   Elf:1: 2354 daAuts
Spider:4: 2336 daAuts
  Lair:5: 2275 daAuts
 Crypt:3: 2245 daAuts
Vaults:4: 2219 daAuts
  Lair:4: 2150 daAuts
    D:15: 2141 daAuts
